 Dungeon Crawl Stone Soup version 0.25.0-8-gfd19cd77bd (console) character file.

Game seed: 16327893635548242995

121 Garrluk the Ruffian (level 4, -1/44 HPs)
             Began as a Troll Monk on June 16, 2020.
             Was an Initiate of Ru.
             Slain by an orc
             ... wielding a +2 hand axe of distortion
              (21 damage)
             ... on level 3 of the Dungeon.
             The game lasted 00:06:18 (1422 turns).

Garrluk the Ruffian (Troll Monk)                    Turns: 1422, Time: 00:06:19

Health: -1/44      AC:  7    Str: 19    XL:     4   Next: 76%
Magic:  3/3        EV: 11    Int:  6    God:    Ru [......]
Gold:   173        SH:  0    Dex: 13    Spells: 3/3 levels left

rFire    . . .     SeeInvis .     - Unarmed
rCold    . . .     Gourm    +   (no shield)
rNeg     . . .     Faith    .   a - +0 robe
rPois    .         Spirit   .   (helmet restricted)
rElec    .         Reflect  .   m - +0 cloak
rCorr    +         Harm     .   (gloves unavailable)
MR       .....                  (boots unavailable)
Stlth    ..........             (no amulet)
HPRegen  0.54/turn              p - ring of resist corrosion
MPRegen  0.08/turn              s - ring of wizardry

@: no status effects
A: large, unfitting armour, claws 3, fast metabolism 3, gourmand, regeneration
1, shaggy fur 1, tough skin 3, no stealth
a: Renounce Religion


You were on level 3 of the Dungeon.
You worshipped Ru.
Ru was noncommittal.
You were completely stuffed.

You visited 1 branch of the dungeon, and saw 3 of its levels.

You collected 173 gold pieces.

Inventory:

Missiles
 c - 35 stones
 d - 5 boomerangs (quivered)
Armour
 a - a +0 robe (worn)
 m - a +0 cloak (worn)
Jewellery
 p - a ring of resist corrosion (left claw)
 s - a ring of wizardry (right claw)
Scrolls
 e - 2 scrolls of immolation {unknown}
 f - 5 scrolls of identify {unknown}
 g - 2 scrolls of fear {unknown}
 i - a scroll of enchant weapon {unknown}
 j - a scroll of amnesia {unknown}
 l - 2 scrolls of remove curse {unknown}
 o - 2 scrolls of teleportation {unknown}
 q - a scroll of blinking {unknown}
 r - a scroll of fog {unknown}
Potions
 h - a potion of curing {unknown}
 n - 2 potions of haste {unknown}
Comestibles
 b - 5 rations
 k - 12 chunks of flesh


   Skills:
 - Level 2.4 Fighting
 + Level 1.7 Throwing
 + Level 3.1 Dodging
 * Level 4.4 Unarmed Combat


You had 3 spell levels left.
You didn't know any spells.
Your spell library was empty.

Dungeon Overview and Level Annotations

Branches:
Dungeon (3/15)

Altars:
Elyvilon
Kikubaaqudgha
Nemelex Xobeh
Ru
Trog
Wu Jian
Xom
Yredelemnul


Innate Abilities, Weirdness & Mutations

You are too large for most types of armour.
You have claws for hands.
Your metabolism is lightning-fast.
You like to eat raw meat.
Your natural rate of healing is unusually fast.
You are covered in fur. (AC +1)
You have extremely tough skin. (AC +3)
You cannot be stealthy.


Message History

An orc comes into view. It is wielding a +0 whip.
The orc priest calls down the wrath of Beogh upon you.
Pain shoots through your body! The orc hits you but does no damage.
The orc barely misses you.
The orc priest hits you but does no damage.
The orc hits you with a +0 hand axe.
Found 7 gold pieces.
You closely miss the orc priest. The orc closely misses you.
The orc priest hits you but does no damage.
The orc barely misses you.
You barely miss the orc priest. The orc hits you with a +0 hand axe.
The orc hits you with a +0 flail. The orc barely misses you.
The orc priest hits you but does no damage.
You scratch the orc priest.
The orc priest is moderately wounded.
The orc closely misses you.
You scratch the orc priest.
The orc priest is heavily wounded.
The orc hits you but does no damage. Space warps horribly around you!!
You die...

####..#.#
.....>.#..#
.####.###.#
##.#.## #..## ##
## #..# ## .###$
#..# .#..
.#..###..#
.....###.#......#
.....oooo#####.##
#.so@.......#
#############


You could see an orc priest, 4 orcs and a giant cockroach.

Vanquished Creatures
  An orc wizard (D:3)
  2 adders (D:2)
  An ooze (D:3)
  3 dart slugs
  A leopard gecko (D:2)
  4 orcs (D:3)
  2 ball pythons
  7 bats
  A giant cockroach (D:3)
  6 goblins
  6 hobgoblins
  8 jackals
  3 frilled lizards
  7 kobolds
  5 rats
57 creatures vanquished.

Notes
Turn   | Place    | Note
-------+----------+-------------------------------------------
     0 | D:1      | Garrluk the Troll Monk began the quest for the Orb.
     0 | D:1      | Reached XP level 1. HP: 22/22 MP: 0/0
   129 | D:1      | Reached XP level 2. HP: 28/29 MP: 1/1
   710 | D:2      | Reached skill level 1 in Throwing
   744 | D:2      | Reached XP level 3. HP: 36/36 MP: 2/2
   827 | D:2      | Reached skill level 4 in Unarmed Combat
   967 | D:2      | Reached XP level 4. HP: 44/44 MP: 3/3
  1078 | D:2      | Found a basalt altar of Yredelemnul.
  1079 | D:2      | Found a white marble altar of Elyvilon.
  1079 | D:2      | Found a shimmering altar of Xom.
  1079 | D:2      | Found an ancient bone altar of Kikubaaqudgha.
  1081 | D:2      | Found an ornate altar of the Wu Jian Council.
  1081 | D:2      | Found a bloodstained altar of Trog.
  1087 | D:2      | Found a sacrificial altar of Ru.
  1104 | D:2      | Became a worshipper of Ru the Awakened
  1111 | D:2      | Gained mutation: You cannot be stealthy. [Ru sacrifice]
  1313 | D:3      | Found a sparkling altar of Nemelex Xobeh.
  1422 | D:3      | Slain by an orc

Illustrated notes

Levels and vault maps discovered:
D:1:      dpeg_arrival_ternary, layout_rooms, serial_bayou, serial_bayou_lake_a,
          serial_bayou_pond_b, serial_bayou_lagoon_a, serial_bayou_pond_b,
          serial_bayou_crossing, serial_bayou_pond_d, minmay_strange_pillars,
          ebering_dispersal_statue_hall
D:2:      layout_basic, grunt_temple_overflow_open, hex_large
D:3:      layout_loops_ring, lemuel_doored_altar, first_ration

Skill      XL: |  1  2  3  4 |
---------------+-------------+-----
Throwing       | 1 |  1.7
Unarmed Combat | 4 |  4.4
Stealth        | 0 |  0.0
Dodging        | 3 |  3.1
Fighting       | |  2.4

Action                   |  1- 3 |  4- 6 || total
-------------------------+-------+-------++-------
Melee: Unarmed           |    80 |    57 ||   137
       Punch             |     2 |     1 ||     3
Throw: Boomerang         |     2 |     5 ||     7
Invok: Sacrifice Stealth |       |     1 ||     1
 Stab: Sleeping          |     1 |       ||     1
  Eat: Chunk             |    15 |     4 ||    19
Armor: Robe              |    35 |    30 ||    65
Dodge: Dodged            |    38 |    37 ||    75
